Description

Powerful adept timing attack mostly meant for PvP or PvZ

VOD

https://www.twitch.tv/hupsaiya

Replay - 2025-02-19 - (P)Vanquish VS (P)IlIlIlIlIlIl

Build Order

Get SALT Encoding   

  12  0:06  Probe  
  13  0:17  Pylon  
  13  0:19  Probe  
  14  0:30  Probe  
  15  0:37  Gateway  
  15  0:38  Probe  
  16  0:46  Probe  
  16  0:49  Assimilator  
  17  0:58  Assimilator, Probe  
  18  1:07  Probe  
  19  1:14  Gateway  
  19  1:15  Probe  
  20  1:26  Cybernetics Core  
  20  1:28  Probe  
  21  1:36  Pylon  
  21  1:40  Probe  
  22  1:53  Warp Gate  
  23  2:03  Adept x2  
  27  2:19  Twilight Council  
  27  2:33  Adept x2  
  31  2:37  Pylon  
  31  2:45  Resonating Glaives  
  31  2:57  Gateway x2  
  31  2:58  Pylon  Proxy this near their 3rd base location!
  31  3:07  Adept x2  
  35  3:27  Gateway  
  35  3:33  Shield Battery  
  35  3:51  Adept x4  
  43  4:09  Pylon  
  43  4:22  Adept x2  warp in more adepts
  47  4:27  Adept  Hit at 4:37 wtih 14 adepts
Spawning Tool Build Advisor. Get it on Overwolf

Analysis

https://www.twitch.tv/hupsaiya

Go to:

Details

  • Created by: asdfer4t
  • Published on: Feb 18, 2025
  • Modified on: Feb 21, 2025
  • Patch: 5.0.11
  • Difficulty: Medium
Show
View Real Time Build Order
Export as new Build Order

Comments (0)

There are no comments. Be the first!

Create an account to comment!